 Dungeon Crawl Stone Soup version 0.29-a0-887-gcbe080d7e0 (webtiles) character file.

Game seed: 17662619662702047806

86 LynnLen the Sneak (level 4, -3/25 HPs)
             Began as a Vampire Enchanter on July 21, 2022.
             Slain by a gnoll
             ... wielding a +0 halberd
              (9 damage)
             ... on level 3 of the Dungeon.
             The game lasted 00:05:42 (2553 turns).

LynnLen the Sneak (Vampire Enchanter)               Turns: 2553, Time: 00:05:42

Health: -3/25      AC:  4    Str:  7    XL:     4   Next: 27%
Magic:  5/7        EV: 12    Int: 17    God:
Gold:   135        SH:  3    Dex: 16    Spells: 1/7 levels left

rFire   . . .      SeeInvis +   a - +1 dagger
rCold   + + .      Faith    .   j - +0 buckler
rNeg    + + +      Spirit   .   b - +0 robe
rPois   ∞          Reflect  .   p - +0 helmet {SInv}
rElec   .          Harm     .   (no cloak)
rCorr   .          Rampage  .   (no gloves)
Will    .....                   o - +0 pair of boots
Stlth   +++++.....              (no amulet)
HPRegen 0.00/turn               (no ring)
MPRegen 0.10/turn               (no ring)

@: bloodless, inhibited regen, invisible
A: bloodless, fangs 3, see invisible, vampiric 2
a: Bat Form, Revivify


You were on level 3 of the Dungeon.
You visited 1 branch of the dungeon, and saw 3 of its levels.

You collected 135 gold pieces.

Inventory:

Hand Weapons
 a - a +1 dagger (weapon)
Armour
 b - a +0 robe (worn)
 j - a +0 buckler (worn)
 o - a +0 pair of boots (worn)
 p - a +0 helmet of see invisible (worn)
Jewellery
 h - an amulet of magic regeneration
Scrolls
 d - a scroll of fog {unknown}
 f - a scroll of immolation {unknown}
 g - 2 scrolls of amnesia {unknown}
 k - a scroll of magic mapping {unknown}
 l - a scroll of identify {unknown}
 n - a scroll of poison {unknown}
Potions
 c - a potion of invisibility
 e - 2 potions of curing {unknown}
 i - a potion of heal wounds {unknown}
 m - a potion of flight {unknown}


   Skills:
 * Level 1.5 Fighting
 * Level 2.4 Short Blades
 + Level 2.4 Dodging
 + Level 6.1 Stealth
 - Level 2.0 Spellcasting
 - Level 4.4 Hexes


You had one spell level left.
You knew the following spells:

 Your Spells              Type           Power      Damage    Failure   Level
a - Confusing Touch       Hex            16%        N/A       13%         3
b - Tukima's Dance        Hex            16%        N/A       13%         3

Your spell library contained the following spells:

 Spells                   Type           Power      Damage    Failure   Level
 Sandblast                Erth           2%         2d4       26%         1
 Ensorcelled Hibernation  Hex/Ice        18%        N/A       16%         2
 Dazzling Flash           Conj/Hex       18%        N/A       32%         3
 Passwall                 Tmut/Erth      0%         N/A       36%         2
 Stone Arrow              Conj/Erth      2%         3d7       61%         3
 Passage of Golubria      Tloc           1%         N/A       95%         4
 Yara's Violent Unravell  Hex/Tmut       4%         3d4       96%         5


Dungeon Overview and Level Annotations

Branches:
Dungeon (3/15)

Altars:


Innate Abilities, Weirdness & Mutations

You do not regenerate when monsters are visible.
You are frail without blood (-20% HP).
You can heal yourself when you bite living creatures.
You are immune to poison.
You have razor-sharp teeth.
You have supernaturally acute eyesight. (SInv)
You are afflicted with vampirism and can become a bat while bloodless.


Message History

You barely miss the gnoll.
The gnoll is moderately wounded.
You hit the gnoll.
The gnoll is severely wounded.
The gnoll hits you from afar with a +0 halberd!
You hit the gnoll but do no damage.
The gnoll is severely wounded.
The gnoll barely misses you.
The gnoll hits the gnoll with a +0 spear.
You hit the gnoll but do no damage.
The gnoll is severely wounded.
The gnoll closely misses you.
The gnoll closely misses the gnoll.
You hit the gnoll.
The gnoll is severely wounded.
The gnoll hits you from afar with a +0 halberd.
* * * LOW HITPOINT WARNING * * *
The gnoll barely misses you.
You fade into invisibility!
The gnoll closely misses you.
The gnoll seems less confused.
You block the gnoll's attack.
You hit the gnoll.
The gnoll is almost dead.
The gnoll misses you. x2
You catch the helpless gnoll completely off-guard!
You bite the gnoll, and draw its blood!
You feel better.
You puncture the gnoll!
You kill the gnoll!
The gnoll completely misses you.
Things that are here:
a +0 spear; a gnoll corpse You block the gnoll's attack.
The gnoll hits you with a +0 spear.
* * * LOW HITPOINT WARNING * * *
You hit the gnoll.
The gnoll is lightly wounded.
The gnoll barely misses you.
You hit the gnoll but do no damage. Your bite misses the gnoll.
The gnoll is lightly wounded.
The gnoll hits you with a +0 halberd!
You die...

#.g. #....##≈≈≈#.....
#.....P≈≈≈≈≈≈...
..#...≈≈≈≈P≈...
..#...P≈≈≈≈P... .#
#.##..≈P≈≈≈P≈≈. ..
#.##....P≈≈≈≈≈≈≈..≈
#####g#..#..P≈≈≈≈≈≈≈≈≈≈
..#....#@g.....≈≈≈≈≈≈≈≈≈≈
#.#.###.#####....≈≈≈≈≈≈≈≈
#.#.# #)#####....≈.P≈≈≈≈≈
#.#.# #.##........≈≈≈PP≈≈
#.#.# #.##...........≈≈≈.
#.#.###..................
#.#..............#####.#.
#...............## #...
################# #.##


You could see 2 gnolls.

Vanquished Creatures
  2 gnolls (D:3)
  3 adders (D:2)
  A dart slug (D:1)
  5 endoplasms
  A giant cockroach (D:1)
  3 goblins
  4 hobgoblins
  4 jackals (D:1)
  2 quokkas
  3 ball pythons
  A bat (D:1)
  3 frilled lizards (D:2)
  3 kobolds
  3 rats
38 creatures vanquished.

Vanquished Creatures (others)
  A plant (D:3)
1 creature vanquished.

Grand Total: 39 creatures vanquished

Notes
Turn   | Place    | Note
-------+----------+-------------------------------------------
     0 | D:1      | LynnLen the Vampire Enchanter began the quest for the Orb.
     0 | D:1      | Reached XP level 1. HP: 13/13 MP: 3/3
   453 | D:1      | Reached XP level 2. HP: 6/16 MP: 5/5
   776 | D:1      | Found a faded altar of an unknown god.
   987 | D:1      | Reached skill level 1 in Fighting
  1239 | D:1      | Reached skill level 5 in Stealth
  1557 | D:2      | Gained mutation: You are afflicted with vampirism and can
                  | become a bat while bloodless. [Vampire growth]
  1557 | D:2      | Reached XP level 3. HP: 14/20 MP: 6/6
  1561 | D:2      | Learned a level 3 spell: Confusing Touch
  1565 | D:2      | Learned a level 3 spell: Tukima's Dance
  2538 | D:3      | Reached skill level 6 in Stealth
  2538 | D:3      | Reached XP level 4. HP: 19/25 MP: 3/7
  2553 | D:3      | Slain by a gnoll

Illustrated notes

Levels and vault maps discovered:
D:1:      lightli_arrival_noodles, layout_basic, basic_ecumenical_altar
D:2:      layout_basic, chequers_serial_rivers_large_a
D:3:      layout_loops_ring, mainiacjoe_overflow_concentric_impassable,
          chequers_big_river

Skill      XL: |  1  2  3 |
---------------+----------+-----
Fighting       | 1 |  1.5
Stealth        | 5 6 |  6.1
Short Blades   | 2 |  2.4
Dodging        | |  2.4
Spellcasting   | |  2.0
Hexes          | |  4.4

Action                   |  1- 3 |  4- 6 || total
-------------------------+-------+-------++-------
Melee: Dagger            |    98 |    10 ||   108
       Bite              |    12 |     1 ||    13
 Cast: Confusing Touch   |     1 |       ||     1
 Abil: Exsanguinate      |     1 |       ||     1
  Use: Potion            |     1 |     1 ||     2
 Stab: Sleeping          |    17 |       ||    17
       Invisible         |       |     1 ||     1
Armor: Robe              |     8 |       ||     8
Dodge: Dodged            |    47 |     8 ||    55
Block: Buckler           |     4 |     2 ||     6

Table legend: (Time is in decaauts)
 A = Elapsed time spent in this place.
 B = Non-inter-level travel time spent in this place.
 C = Inter-level travel time spent in this place.
 D = Time resting spent in this place.
 E = Time spent auto-exploring this place.
 F = Levels seen in this place.
 G = Mean time per level.
                   A        B        C        D        E       F      G
               +--------+--------+--------+--------+--------+-----+--------+
         Total |   2552 |   2552 |      0 |      0 |   1692 |   3 |  850.7 |
       Dungeon |   2552 |   2552 |      0 |      0 |   1692 |   3 |  850.7 |
               +--------+--------+--------+--------+--------+-----+--------+

Top non-repeatable levels by time:
     D:1: 1413 daAuts
     D:2: 836 daAuts
     D:3: 303 daAuts
